Unix NetHack Version 5.0.0-0 post-release - last build May 23 2026 06:08:33 (1c0ff79ee797540d5714e4e18072db0edd9e58ae,branch:main).

Game began 2026-05-25 04:03:15, ended 2026-05-25 04:32:13.

ArrBianca, chaotic female orcish Rogue

 -------
 |.....|
 |......########--------
 |.....|       #|......|
 -.-----       #-...<...
  #####         |......|
     #          |(.....-#
     #          h-------#       ##
     ###        ####################0
       #        #       #      ##
       #                #      #
       ###              #      #
  -------.-------       #     ##
  |.............|    ####     #
  |....{........|    #------- #
  |....<........|    #|......##
  |.............|    #.....>|
  ---------------     ---

ArrBianca the Rogue     St:15 Dx:18 Co:15 In:9 Wi:14 Ch:10  Chaotic
Dlvl:7  $:18 HP:0(46) Pw:18(18) AC:4  Xp:6 T:1994 

Latest messages:
 You kill the acid blob!
 Your orcish short sword is protected by the layer of grease!
 The grease dissolves.
 What do you want to use or apply? [eghtvyC-EPU or ?*] C
 What do you want to grease? [- abd-hjlr-tvwyC-EH-KM-PR-U or ?*] ?
 You cover your orcish short sword with a thick layer of grease.
 The giant beetle bites!
 What do you want to drink? [dlJS or ?*] ?
 What do you want to drink? [dlJS or ?*] <space>
 Never mind.
 $ - 13 gold pieces (18 in total).
 You find a hidden passage.
 You find a hidden passage.
 You stop searching.
 You miss the giant beetle.
 You hit the giant beetle.
 Your hands stop glowing red.
 The giant beetle appears confused.
 You hit the giant beetle!
 You hit the giant beetle!
 You miss the giant beetle.
 You hit the giant beetle!
 The giant beetle bites!
 You hit the giant beetle!
 You kill the giant beetle!
 Welcome to experience level 6.
 You see here a giant beetle corpse.
 There is a giant beetle corpse here; eat it? [ynq] (n) y
 Ecch - that must have been poisonous!
 You seem unaffected by the poison.
 You finish eating the giant beetle corpse.
 You kill the newt!
 W - a newt corpse.
 S - an effervescent potion (2 in total).
 What do you want to drink? [dlJS or ?*] S
 Gee!  All of a sudden, you can't see yourself.
 What do you want to drink? [dlJS or ?*] ?
 You feel strong!
 You feel smart!
 You feel wise!
 You're already as agile as you can get.
 You feel tough!
 You feel charismatic!
 The dwarf swings his broad pick.
 The dwarf hits!
 You hit the dwarf.
 The dwarf swings his broad pick.
 The dwarf hits!
 You die...
 Do you want your possessions identified? [ynq] (y) q

Inventory:
 Coins    ('$')
  $ - 18 gold pieces
 Weapons  (')')
  M - a +0 dagger
  b - 5 +0 orcish daggers (at the ready)
  a - a greased +0 orcish short sword (weapon in right hand)
 Armor    ('[')
  N - an uncursed greased +0 dwarvish cloak (being worn)
  u - an uncursed greased +0 dwarvish mithril-coat (being worn)
 Comestibles  ('%')
  H - an uncursed cram ration
  f - 5 uncursed food rations
  K - an uncursed fortune cookie
  W - an uncursed newt corpse
 Scrolls  ('?')
  s - 2 uncursed scrolls of enchant armor
  w - an uncursed scroll of identify
  I - a cursed scroll of punishment
 Spellbooks  ('+')
  P - an uncursed spellbook of healing
  t - an uncursed spellbook of protection
 Potions  ('!')
  S - an uncursed potion of invisibility
  d - 2 uncursed potions of sickness
  l - 2 uncursed potions of water
 Rings    ('=')
  r - an uncursed ring of fire resistance (on right hand)
  O - an uncursed ring of invisibility
  j - an uncursed ring of shock resistance
  R - an uncursed ring of sustain ability
  T - an uncursed ring of teleport control
 Wands    ('/')
  v - a wand of digging (0:5)
  y - a wand of secret door detection (0:11)
 Tools    ('(')
  h - an empty uncursed greased sack
  g - an uncursed blindfold
  C - a can of grease (0:3)
  e - an uncursed lock pick
  U - an uncursed mirror
  D - an uncursed oil lamp
  E - an uncursed tin opener

ArrBianca the Rogue's attributes:

Background:
 You were a Rogue, level 6 female orc.
 You were chaotic, nominally on a mission for Kos
 who was opposed by Issek (lawful) and Mog (neutral).
 You were right-handed.
 You were in the Dungeons of Doom, on level 7.
 You entered the dungeon 1994 turns ago.
 It was nighttime.
 You had 340 experience points, 300 more were needed to attain level 7.

Basics:
 You had 0 out of 46 hit points.
 You had all 18 energy points (spell power).
 Your armor class was 4.
 Your wallet contained 18 zorkmids.
 Autopickup was on for '$?!/="+%' plus thrown, with exceptions.

Final Characteristics:
 Your strength was 15 (limit:18/50).
 Your dexterity was 18 (limit:18).
 Your constitution was 15 (limit:18).
 Your intelligence was 9 (limit:16).
 Your wisdom was 14 (limit:16).
 Your charisma was 10 (limit:16).

Final Status:
 You weren't hungry.
 You were unencumbered.
 You were wielding a short sword.
 You were skilled in short sword.

Final Attributes:
 You were devoutly aligned.
 You were fire resistant.
 Your items were protected from fire.
 Your items were somewhat protected from cold.
 You were poison resistant.
 You had infravision.
 You were invisible.
 You were stealthy.
 You were guarded.
 Your spell casting was impaired by metallic armor.
 You were fast.
 You are dead.

Miscellaneous:
 You didn't encounter any bones levels.
 Total elapsed playing time was 28 minutes and 58 seconds.

Major events:
 Turn
    1: ArrBianca the chaotic female orcish Rogue entered the dungeon
  527: attained the rank of Cutpurse (level 3)
 1710: consulted the Oracle
 1976: attained the rank of Rogue (level 6)
 1994: killed by a dwarf

Spells:
 Name                 Level Category     Fail Retention
 protection             1   clerical     100%  76%-100%
 healing                1   healing      100%  76%-100%

Skills:
 Fighting Skills
   bare handed combat [Unskilled]
   two weapon combat  [Unskilled]
   riding             [Unskilled]
 Weapon Skills
   dagger             [Basic]
   knife              [Unskilled]
   short sword        [Skilled]
   broadsword         [Unskilled]
   long sword         [Unskilled]
   two-handed sword   [Unskilled]
   saber              [Unskilled]
   club               [Unskilled]
   mace               [Unskilled]
   morning star       [Unskilled]
   flail              [Unskilled]
   hammer             [Unskilled]
   polearms           [Unskilled]
   spear              [Unskilled]
   crossbow           [Unskilled]
   dart               [Unskilled]
   shuriken           [Unskilled]
 Spellcasting Skills
   divination spells  [Unskilled]
   escape spells      [Unskilled]
   matter spells      [Unskilled]

Voluntary challenges:
 Character rerolling was not enabled.
 You were an atheist.
 You never genocided any monsters.
 You never polymorphed an object.
 You never changed form.
 You used no wishes.
Achievements:
 You attained the rank of Cutpurse.
 You entered a shop.
 You consulted the Oracle of Delphi.
 You attained the rank of Rogue.

 The Dungeons of Doom: levels 1 to 7
    Level 1:
    Level 2:
    Level 3:
       A tool shop.
    Level 4:
       Many fountains.
    Level 5:
       An armor shop.
    Level 6:
       Many fountains.
       Oracle of Delphi.
    Level 7: <- You were here.
       A fountain.
       Final resting place for
          you, killed by a dwarf.


Vanquished creatures:
  a small mimic
  a giant beetle
  a dog
  a wood nymph
  a rock mole
  a pony
  a shrieker
  a gnomish wizard
  2 red naga hatchlings
  a little dog
  a dwarf
  a kobold leader
  2 hill orcs
  3 rothes
  a centipede
  3 orc zombies
  5 dwarf zombies
  a wererat
  a werejackal
 an iguana
 an acid blob
  a coyote
  2 gas spores
  2 large kobolds
  3 giant rats
  a green mold
  2 garter snakes
  3 gnome zombies
  2 geckos
  7 jackals
  a goblin
  5 grid bugs
  3 lichens
  5 kobold zombies
  6 newts
74 creatures vanquished.

No species were genocided or became extinct.

Game over:
                       ----------
                      /          \
                     /    REST    \
                    /      IN      \
                   /     PEACE      \
                  /                  \
                  |    ArrBianca     |
                  |      18 Au       |
                  |   killed by a    |
                  |      dwarf       |
                  |                  |
                  |                  |
                  |       2026       |
                 *|     *  *  *      | *
        _________)/\\_//(\/(/\)/\//\/|_)_______

Goodbye ArrBianca the Rogue...

You died in The Dungeons of Doom on dungeon level 7 with 1768 points,
and 18 pieces of gold, after 1994 moves.
You were level 6 with a maximum of 46 hit points when you died.

